Icehogs vs Senators
(R1)
Created - November 16, 2024 at 20:33
Goals
|
| Icehogs |
3 |
0 |
2 |
5 |
| Senators |
1 |
2 |
0 |
3 |
|
Shots
|
| Icehogs |
17 |
4 |
12 |
33 |
| Senators |
7 |
19 |
9 |
35 |
|
1st period
1. Senators , Arttu Ruotsalainen 3 (Zac Leslie 4, David Rittich) at 2:04 (PP)
2. Icehogs , Nikita Scherbak 2 (Dillon Dube 5, Julius Honka 6) at 4:17 (PP)
3. Icehogs , Hudson Fasching 7 (Mikhail Grigorenko 10, Clark Bishop 1) at 8:23 (PP)
4. Icehogs , Trevor Zegras 4 (Julius Honka 7, Patrick Sieloff 10) at 13:00 (PP)
Penalties :
Calle Andersson (Roc) for Holding (Minor) at 1:30, Christoph Bertschy (Bel) for High sticking (Minor) at 4:04, Nikita Scherbak (Roc) for Interference (Minor) at 4:47, Akil Thomas (Bel) for Tripping (Minor) at 8:12, Artem Zub (Bel) for Slashing (Minor) at 12:18, Nikita Scherbak (Roc) for Tripping (Minor) at 14:22
2nd period
5. Senators , Zac Leslie 1 (C.J Suess 9, Christoph Bertschy 9) at 7:30 (PP)
6. Senators , Logan O'Connor 2 (Vitaly Abramov 4, Jonas Siegenthaler 8) at 12:46
Penalties :
Akil Thomas (Bel) for Roughing (Minor) at 3:24, Maxim Letunov (Roc) for Elbowing (Minor) at 7:27, Hudson Fasching (Roc) for Holding (Minor) at 13:01, Zach Whitecloud (Roc) for Tripping (Minor) at 17:50
3rd period
7. Icehogs , Hudson Fasching 8 (Andrew Poturalski 7, Mikhail Grigorenko 11) at 15:09 (PP)
8. Icehogs , Andrew Poturalski 3 (Hudson Fasching 11) at 19:45 (Empty Net)
Penalties :
Zac Leslie (Bel) for Slashing (Minor) at 0:41, Ben Johnson (Roc) for Tripping (Minor) at 9:39, Kiefer Sherwood (Bel) for Roughing (Double Minor) at 15:06
Goalie Stats
Mackenzie Blackwood (Roc), 32 saves from 35 shots - (0.914), W, 6-3-0, 60:00 minutes
David Rittich (Bel), 28 saves from 32 shots - (0.875), L, 5-3-1, 59:11 minutes
Players Stats for Icehogs
Player Name G A P +/- PIM S H SB GA TA FO MP PP MP PK MP
------------------------------------------------------------------------------------
Andrew Poturalski 1 1 2 1 0 4 1 3 1 1 13/26 23:01 3:44 2:52
Antoine Morand 0 0 0 0 0 0 0 0 0 0 0/0 0:35 0:00 0:00
Ben Johnson 0 0 0 -1 2 3 2 0 0 0 1/4 9:40 0:00 0:43
Calle Andersson 0 0 0 -1 2 2 3 1 0 0 0/0 21:34 2:34 4:22
Clark Bishop 0 1 1 0 0 0 0 0 0 0 3/4 2:59 0:21 0:09
Declan Chisholm 0 0 0 0 0 0 1 0 0 0 0/0 10:39 0:00 0:43
Dillon Dube 0 1 1 0 0 0 1 0 0 1 6/14 18:23 3:01 2:52
Egor Afanasyev 0 0 0 0 0 0 0 0 0 0 0/0 0:00 0:00 0:00
Gabriel Fortier 0 0 0 0 0 1 0 0 0 0 0/1 5:44 0:00 0:00
Hudson Fasching 2 1 3 1 2 3 2 0 1 1 2/3 23:23 4:05 4:39
Jackson Cates 0 0 0 0 0 0 0 0 0 0 1/1 2:34 0:00 1:59
JJ. Piccinich 0 0 0 -1 0 1 2 0 1 0 0/0 8:52 0:00 0:00
Julius Honka 0 2 2 1 0 5 2 2 0 1 0/0 29:00 4:32 6:31
Kristian Reichel 0 0 0 0 0 0 0 0 0 0 0/0 0:00 0:00 0:00
Maxim Letunov 0 0 0 0 2 1 0 0 0 0 3/4 13:40 0:00 0:00
Mikhail Grigorenko 0 2 2 1 0 2 2 1 3 0 7/12 24:27 4:05 5:43
Mitchell Chaffee 0 0 0 0 0 1 0 0 0 0 0/0 5:44 0:00 0:00
Nikita Scherbak 1 0 1 0 4 3 1 0 0 0 0/0 15:25 3:01 0:00
Patrick Sieloff 0 1 1 1 0 2 1 1 0 1 0/0 28:55 4:32 6:26
Ross Johnston 0 0 0 -1 0 1 1 0 0 0 0/1 9:15 0:00 0:21
Trevor Zegras 1 0 1 0 0 4 4 0 0 0 0/0 15:23 3:01 1:46
Zach Whitecloud 0 0 0 -1 2 0 2 3 0 0 0/0 20:08 2:34 3:02
Players Stats for Senators
Player Name G A P +/- PIM S H SB GA TA FO MP PP MP PK MP
------------------------------------------------------------------------------------
Akil Thomas 0 0 0 1 4 1 3 0 0 0 4/7 11:03 0:00 0:08
Alec Regula 0 0 0 1 0 0 0 0 0 0 0/0 3:30 0:00 0:00
Artem Zub 0 0 0 0 2 4 3 1 1 0 0/0 25:23 6:27 4:06
Arttu Ruotsalainen 1 0 1 0 0 4 1 0 0 1 10/18 18:13 4:48 1:53
Axel Jonsson-Fjallby 0 0 0 0 0 1 2 0 1 0 0/0 7:11 0:00 0:00
Bryce Kindopp 0 0 0 0 0 1 1 0 0 0 0/0 7:11 0:00 0:00
C.J Suess 0 1 1 -1 0 3 1 1 0 0 1/3 22:39 5:44 4:25
Carl Grundstrom 0 0 0 0 0 2 2 0 0 0 0/2 17:09 4:48 0:58
Christoph Bertschy 0 1 1 -1 2 5 3 0 0 0 17/34 22:38 5:44 4:25
Gustav Forsling 0 0 0 0 0 0 0 0 0 1 0/0 4:21 0:00 0:00
Jesse Graham 0 0 0 0 0 1 0 1 0 1 0/0 21:05 4:05 2:18
Jonas Siegenthaler 0 1 1 0 0 0 1 0 0 1 0/0 21:05 4:05 2:18
Kiefer Sherwood 0 0 0 -1 4 0 1 0 0 0 0/1 18:34 5:44 0:00
Logan O'Connor 1 0 1 1 0 5 0 0 0 2 0/0 11:09 0:00 0:00
Marc Michaelis 0 0 0 0 0 1 3 1 1 0 2/2 18:43 4:48 2:23
Martin Fehervary 0 0 0 -1 0 0 0 1 0 0 0/0 11:11 0:00 1:52
Mason Geertsen 0 0 0 0 0 0 1 0 0 0 0/0 8:28 0:00 0:00
Tyler Angle 0 0 0 0 0 0 3 0 0 0 0/3 7:11 0:00 0:00
Vitaly Abramov 0 1 1 1 0 4 0 0 0 0 0/0 11:09 0:00 0:00
Zac Leslie 1 1 2 0 2 3 0 2 2 0 0/0 24:55 6:27 3:38
3 Stars
1 - Hudson Fasching (Roc)
2 - Andrew Poturalski (Roc)
3 - Julius Honka (Roc)
Power Play
Icehogs - 4 on 7 Attempt(s) - 57.14%
Senators - 2 on 7 Attempt(s) - 28.57%
Penalty Kill
Icehogs - 5 on 7 Attempt(s) - 71.43%
- Score 0 goal in Penalty Kill
Senators - 3 on 7 Attempt(s) - 42.86%
- Score 0 goal in Penalty Kill
Team Stat
Icehogs - Hits : 25 - Faceoff Wins : 36 - Blocked Shots : 11 - Penalty Minutes : 14
Senators - Hits : 25 - Faceoff Wins : 34 - Blocked Shots : 7 - Penalty Minutes : 14
Official
Referees : Beaudry Halkidis and Kelly Sutherland
Linesman : Bevan Mills and Libor Suchanek
Game Notes
Andrew Poturalski has scored in a empty net!
Finance
Level 1 -- Attendance: 1974 (98.70%) -- Ticket Income $138,180
Level 2 -- Attendance: 924 (92.40%) -- Ticket Income $36,960
Total Attendance: 2898 (96.60%)
Total Ticket Income: $175,140
Other Income: $8,757
Total Income: $183,897
Icehogs
5 vs 5 Forward
Center Left Wing Right Wing Time % Phy DF OF
1 Andrew Poturalski Mikhail Grigorenko Hudson Fasching 40 1 2 2
2 Dillon Dube Trevor Zegras Nikita Scherbak 30 1 2 2
3 Ben Johnson Ross Johnston JJ. Piccinich 20 1 2 2
4 Maxim Letunov Gabriel Fortier Mitchell Chaffee 10 1 2 2
5 vs 5 Defense
Defense Defense Time % Phy DF OF
1 Patrick Sieloff Julius Honka 40 1 2 2
2 Calle Andersson Zach Whitecloud 30 1 2 2
3 Declan Chisholm Maxim Letunov 20 1 2 2
4 Patrick Sieloff Julius Honka 10 1 2 2
PowerPlay Forward
Center Left Wing Right Wing Time % Phy DF OF
1 Andrew Poturalski Mikhail Grigorenko Hudson Fasching 60 1 2 2
2 Dillon Dube Trevor Zegras Nikita Scherbak 40 1 2 2
PowerPlay Defense
Defense Defense Time % Phy DF OF
1 Patrick Sieloff Julius Honka 60 1 2 2
2 Calle Andersson Zach Whitecloud 40 1 2 2
Penalty Kill 4 Players Forward
Center Wing Time % Phy DF OF
1 Mikhail Grigorenko Hudson Fasching 60 1 2 2
2 Andrew Poturalski Dillon Dube 40 1 2 2
Penalty Kill 4 Players Defense
Defense Defense Time % Phy DF OF
1 Patrick Sieloff Julius Honka 60 1 2 2
2 Calle Andersson Zach Whitecloud 40 1 2 2
Penalty Kill - 3 Players Forward
Forward Time % Phy DF OF
1 Mikhail Grigorenko 60 1 2 2
2 Hudson Fasching 40 1 2 2
Penalty Kill - 3 Players Defense
Defense Defense Time % Phy DF OF
1 Patrick Sieloff Julius Honka 60 1 2 2
2 Calle Andersson Zach Whitecloud 40 1 2 2
4 vs 4 Forward
Center Wing Time % Phy DF OF
1 Mikhail Grigorenko Hudson Fasching 60 1 2 2
2 Andrew Poturalski Dillon Dube 40 1 2 2
4 vs 4 Defense
Defense Defense Time % Phy DF OF
1 Patrick Sieloff Julius Honka 60 1 2 2
2 Calle Andersson Zach Whitecloud 40 1 2 2
Last Minutes Offensive
Center Left Wing Right Wing Defense Defense
Andrew Poturalski Mikhail Grigorenko Hudson Fasching Patrick Sieloff Julius Honka
Last Minutes Defensive
Center Left Wing Right Wing Defense Defense
Andrew Poturalski Mikhail Grigorenko Hudson Fasching Patrick Sieloff Julius Honka
Goaltenders
Starting : Mackenzie Blackwood
Backup : Oscar Dansk
Extra Forwards
Normal : Clark Bishop, Antoine Morand, Jackson Cates - PP : Clark Bishop, Antoine Morand - PK : Jackson Cates
Extra Defensemen
Normal : Declan Chisholm, Calle Andersson, Zach Whitecloud - PP : Declan Chisholm - PK : Calle Andersson, Zach Whitecloud
Penalty Shots
Mikhail Grigorenko, Hudson Fasching, Andrew Poturalski, Dillon Dube, Nikita Scherbak
Custom OT Lines Forwards
Mikhail Grigorenko, Hudson Fasching, Andrew Poturalski, Dillon Dube, Nikita Scherbak, Trevor Zegras, Ben Johnson, Maxim Letunov, Ross Johnston, Clark Bishop
Custom OT Lines Defensemen
Patrick Sieloff, Julius Honka, Calle Andersson, Zach Whitecloud, Declan Chisholm
Scratches
Jeremy Davies (Separated Left Shoulder Injury), Petr Kvaca (Healthy)
Senators
5 vs 5 Forward
Center Left Wing Right Wing Time % Phy DF OF
1 Christoph Bertschy C.J Suess Kiefer Sherwood 35 0 2 3
2 Arttu Ruotsalainen Marc Michaelis Carl Grundstrom 35 1 2 2
3 Akil Thomas Vitaly Abramov Logan O'Connor 20 1 2 2
4 Tyler Angle Axel Jonsson-Fjallby Bryce Kindopp 10 1 2 2
5 vs 5 Defense
Defense Defense Time % Phy DF OF
1 Zac Leslie Artem Zub 35 0 2 3
2 Jesse Graham Jonas Siegenthaler 35 1 2 2
3 Mason Geertsen Martin Fehervary 20 1 2 2
4 Gustav Forsling Alec Regula 10 1 2 2
PowerPlay Forward
Center Left Wing Right Wing Time % Phy DF OF
1 Christoph Bertschy C.J Suess Kiefer Sherwood 60 0 0 5
2 Arttu Ruotsalainen Marc Michaelis Carl Grundstrom 40 0 0 5
PowerPlay Defense
Defense Defense Time % Phy DF OF
1 Zac Leslie Artem Zub 60 0 0 5
2 Jesse Graham Jonas Siegenthaler 40 0 0 5
Penalty Kill 4 Players Forward
Center Wing Time % Phy DF OF
1 Christoph Bertschy C.J Suess 60 1 3 1
2 Arttu Ruotsalainen Marc Michaelis 40 1 3 1
Penalty Kill 4 Players Defense
Defense Defense Time % Phy DF OF
1 Zac Leslie Artem Zub 60 1 3 1
2 Jesse Graham Jonas Siegenthaler 40 1 3 1
Penalty Kill - 3 Players Forward
Forward Time % Phy DF OF
1 Christoph Bertschy 60 1 3 1
2 Arttu Ruotsalainen 40 1 3 1
Penalty Kill - 3 Players Defense
Defense Defense Time % Phy DF OF
1 Zac Leslie Artem Zub 60 1 3 1
2 Jesse Graham Jonas Siegenthaler 40 1 3 1
4 vs 4 Forward
Center Wing Time % Phy DF OF
1 Christoph Bertschy C.J Suess 60 1 2 2
2 Arttu Ruotsalainen Marc Michaelis 40 1 2 2
4 vs 4 Defense
Defense Defense Time % Phy DF OF
1 Zac Leslie Artem Zub 60 1 2 2
2 Jesse Graham Jonas Siegenthaler 40 1 2 2
Last Minutes Offensive
Center Left Wing Right Wing Defense Defense
Christoph Bertschy C.J Suess Kiefer Sherwood Zac Leslie Artem Zub
Last Minutes Defensive
Center Left Wing Right Wing Defense Defense
Christoph Bertschy C.J Suess Kiefer Sherwood Zac Leslie Artem Zub
Goaltenders
Starting : David Rittich
Backup : Arvid Soderblom
Extra Forwards
Normal : Carl Grundstrom, Logan O'Connor, Vitaly Abramov - PP : Carl Grundstrom, Logan O'Connor - PK : Carl Grundstrom
Extra Defensemen
Normal : Martin Fehervary, Gustav Forsling, Alec Regula - PP : Martin Fehervary - PK : Martin Fehervary, Gustav Forsling
Penalty Shots
Christoph Bertschy, C.J Suess, Marc Michaelis, Kiefer Sherwood, Carl Grundstrom
Custom OT Lines Forwards
Christoph Bertschy, C.J Suess, Marc Michaelis, Kiefer Sherwood, Carl Grundstrom, Logan O'Connor, Vitaly Abramov, Axel Jonsson-Fjallby, Arttu Ruotsalainen, Bryce Kindopp
Custom OT Lines Defensemen
Zac Leslie, Artem Zub, Jesse Graham, Jonas Siegenthaler, Mason Geertsen
Scratches
Anton Karlsson (Healthy), Ivan Morozov (Healthy), Cliff Pu (Healthy), Jett Woo (Healthy), Adam Mascherin (Healthy)
Olivier Rodrigue (Healthy)
% Time on Ice - Icehogs
Lines # - Real PCT - Wanted PCT - Time Play
Normal Forward
1 - 34% - 40% - 13:52
2 - 31% - 30% - 12:55
3 - 21% - 20% - 8:52
4 - 14% - 10% - 5:44
Normal Defense
1 - 39% - 40% - 16:18
2 - 35% - 30% - 14:39
3 - 24% - 20% - 9:46
4 - 2% - 10% - 0:40
PP Forward
1 - 58% - 60% - 4:05
2 - 42% - 40% - 3:01
PP Defense
1 - 64% - 60% - 4:32
2 - 36% - 40% - 2:34
PK Forward
1 - 73% - 60% - 7:40
2 - 27% - 40% - 2:52
PK Defense
1 - 52% - 60% - 5:31
2 - 48% - 40% - 5:01
PK3 Forward
1 - 0% - 60%
2 - 0% - 40%
PK3 Defense
1 - 0% - 60%
2 - 0% - 40%
44 Forward
1 - 0% - 60%
2 - 0% - 40%
44 Defense
1 - 0% - 60%
2 - 0% - 40%
Last Minute Offensive - 0:00
Last Minute Defensive - 0:59
Total
Forward - 60:00
Defense - 60:00
|
% Time on Ice - Senators
Lines # - Real PCT - Wanted PCT - Time Play
Normal Forward
1 - 29% - 35% - 11:50
2 - 28% - 35% - 11:30
3 - 26% - 20% - 10:55
4 - 17% - 10% - 7:11
Normal Defense
1 - 36% - 35% - 14:51
2 - 35% - 35% - 14:37
3 - 20% - 20% - 8:28
4 - 8% - 10% - 3:30
PP Forward
1 - 54% - 60% - 5:44
2 - 46% - 40% - 4:48
PP Defense
1 - 61% - 60% - 6:27
2 - 39% - 40% - 4:05
PK Forward
1 - 76% - 60% - 5:24
2 - 24% - 40% - 1:42
PK Defense
1 - 68% - 60% - 4:48
2 - 32% - 40% - 2:18
PK3 Forward
1 - 0% - 60%
2 - 0% - 40%
PK3 Defense
1 - 0% - 60%
2 - 0% - 40%
44 Forward
1 - 0% - 60%
2 - 0% - 40%
44 Defense
1 - 0% - 60%
2 - 0% - 40%
Last Minute Offensive - 0:56
Last Minute Defensive - 0:00
Total
Forward - 60:00
Defense - 60:00
|
Play-by-Play
1st period
0:01 of 1st period - Christoph Bertschy wins face-off versus Andrew Poturalski in neutral zone.
0:06 of 1st period - Wrist shot by Christoph Bertschy.
0:06 of 1st period - Stopped by Mackenzie Blackwood without a rebound.
0:07 of 1st period - Andrew Poturalski wins face-off versus C.J Suess in Icehogs zone.
0:54 of 1st period - Akil Thomas is hit by Ross Johnston and loses puck.
0:59 of 1st period - Wrist shot by Ben Johnson.
0:59 of 1st period - Stopped by David Rittich with a rebound.
1:01 of 1st period - Slapshot by Julius Honka.
1:01 of 1st period - Stopped by David Rittich without a rebound.
1:02 of 1st period - Maxim Letunov wins face-off versus Tyler Angle in Senators zone.
1:30 of 1st period - Minor Penalty to Calle Andersson for Holding.
1:31 of 1st period - Mikhail Grigorenko wins face-off versus Christoph Bertschy in Icehogs zone.
2:04 of 1st period - Snap shot by Arttu Ruotsalainen.
2:04 of 1st period - Goal by Arttu Ruotsalainen - Icehogs : 0 - Senators : 1.
2:05 of 1st period - Hudson Fasching wins face-off versus C.J Suess in neutral zone.
2:14 of 1st period - Snap shot by Mikhail Grigorenko.
2:14 of 1st period - Stopped by David Rittich without a rebound.
2:15 of 1st period - Andrew Poturalski wins face-off versus Christoph Bertschy in Senators zone.
2:46 of 1st period - Snap shot by Kiefer Sherwood.
2:46 of 1st period - Shot Blocked by Andrew Poturalski.
3:39 of 1st period - Snap shot by Hudson Fasching.
3:39 of 1st period - Shot Misses the Net.
3:45 of 1st period - Backhand shot by Hudson Fasching.
3:45 of 1st period - Shot Blocked by Jesse Graham.
3:47 of 1st period - Snap shot by Mikhail Grigorenko.
3:47 of 1st period - Shot Misses the Net.
3:49 of 1st period - Wrist shot by Hudson Fasching.
3:49 of 1st period - Stopped by David Rittich with a rebound.
4:04 of 1st period - Minor Penalty to Christoph Bertschy for High sticking.
4:05 of 1st period - Dillon Dube wins face-off versus Arttu Ruotsalainen in Senators zone.
4:17 of 1st period - Slapshot by Nikita Scherbak.
4:17 of 1st period - Goal by Nikita Scherbak - Icehogs : 1 - Senators : 1.
4:18 of 1st period - Dillon Dube wins face-off versus Arttu Ruotsalainen in neutral zone.
4:21 of 1st period - Snap shot by Trevor Zegras.
4:21 of 1st period - Stopped by David Rittich with a rebound.
4:23 of 1st period - Snap shot by Trevor Zegras.
4:23 of 1st period - Shot Misses the Net.
4:25 of 1st period - Snap shot by Trevor Zegras.
4:25 of 1st period - Stopped by David Rittich with a rebound.
4:27 of 1st period - Slapshot by Calle Andersson.
4:27 of 1st period - Stopped by David Rittich without a rebound.
4:28 of 1st period - Arttu Ruotsalainen wins face-off versus Dillon Dube in Senators zone.
4:28 of 1st period - Arttu Ruotsalainen is hit by Zach Whitecloud.
4:47 of 1st period - Minor Penalty to Nikita Scherbak for Interference.
4:48 of 1st period - Mikhail Grigorenko wins face-off versus Christoph Bertschy in Icehogs zone.
6:25 of 1st period - Zac Leslie is hit by Andrew Poturalski.
6:39 of 1st period - Kiefer Sherwood is hit by Trevor Zegras and loses puck.
6:47 of 1st period - Penalty to Nikita Scherbak is over, Nikita Scherbak is back on ice.
6:50 of 1st period - Wrist shot by Nikita Scherbak.
6:50 of 1st period - Stopped by David Rittich with a rebound.
7:40 of 1st period - Zach Whitecloud is hit by Arttu Ruotsalainen and loses puck.
8:12 of 1st period - Minor Penalty to Akil Thomas for Tripping.
8:13 of 1st period - Clark Bishop wins face-off versus Christoph Bertschy in Senators zone.
8:21 of 1st period - Slapshot by Hudson Fasching.
8:21 of 1st period - Shot Blocked by C.J Suess.
8:23 of 1st period - Snap shot by Hudson Fasching.
8:23 of 1st period - Goal by Hudson Fasching - Icehogs : 2 - Senators : 1.
8:24 of 1st period - Marc Michaelis wins face-off versus Ross Johnston in neutral zone.
8:29 of 1st period - Wrist shot by Carl Grundstrom.
8:29 of 1st period - Deflect By Arttu Ruotsalainen.
8:29 of 1st period - Shot Hit the Post.
8:29 of 1st period - Puck is out of play.
8:30 of 1st period - Arttu Ruotsalainen wins face-off versus Ben Johnson in Icehogs zone.
8:31 of 1st period - Wrist shot by Marc Michaelis.
8:31 of 1st period - Shot Misses the Net.
8:54 of 1st period - Off-side.
8:55 of 1st period - Christoph Bertschy wins face-off versus Maxim Letunov in neutral zone.
8:58 of 1st period - Zach Whitecloud is hit by Christoph Bertschy and loses puck.
9:20 of 1st period - C.J Suess is hit by Ben Johnson and loses puck.
9:25 of 1st period - Slapshot by Patrick Sieloff.
9:25 of 1st period - Deflect By Ross Johnston.
9:25 of 1st period - Stopped by David Rittich with a rebound.
9:40 of 1st period - Icing by Alec Regula.
9:41 of 1st period - Christoph Bertschy wins face-off versus Hudson Fasching in Senators zone.
9:46 of 1st period - Julius Honka is hit by Marc Michaelis and loses puck.
10:11 of 1st period - Wrist shot by Logan O'Connor.
10:11 of 1st period - Shot Misses the Net.
10:13 of 1st period - Slapshot by Logan O'Connor.
10:13 of 1st period - Shot Misses the Net.
10:19 of 1st period - Snap shot by Vitaly Abramov.
10:19 of 1st period - Stopped by Mackenzie Blackwood with a rebound.
10:29 of 1st period - Slapshot by Zac Leslie.
10:29 of 1st period - Stopped by Mackenzie Blackwood with a rebound.
10:31 of 1st period - Wrist shot by Artem Zub.
10:31 of 1st period - Stopped by Mackenzie Blackwood without a rebound.
10:32 of 1st period - Dillon Dube wins face-off versus Tyler Angle in Icehogs zone.
10:37 of 1st period - Zac Leslie is hit by Trevor Zegras and loses puck.
10:43 of 1st period - Off-side.
10:44 of 1st period - Andrew Poturalski wins face-off versus Arttu Ruotsalainen in neutral zone.
12:18 of 1st period - Minor Penalty to Artem Zub for Slashing.
12:19 of 1st period - Christoph Bertschy wins face-off versus Andrew Poturalski in Senators zone.
12:54 of 1st period - Slapshot by Trevor Zegras.
12:54 of 1st period - Shot Blocked by Martin Fehervary.
12:56 of 1st period - Backhand shot by Patrick Sieloff.
12:56 of 1st period - Shot Misses the Net.
12:58 of 1st period - Backhand shot by Julius Honka.
12:58 of 1st period - Stopped by David Rittich with a rebound.
13:00 of 1st period - Snap shot by Trevor Zegras.
13:00 of 1st period - Goal by Trevor Zegras - Icehogs : 3 - Senators : 1.
13:01 of 1st period - Arttu Ruotsalainen wins face-off versus Andrew Poturalski in neutral zone.
13:08 of 1st period - Snap shot by Arttu Ruotsalainen.
13:08 of 1st period - Stopped by Mackenzie Blackwood without a rebound.
13:09 of 1st period - Andrew Poturalski wins face-off versus Carl Grundstrom in Icehogs zone.
13:38 of 1st period - Wrist shot by Ben Johnson.
13:38 of 1st period - Stopped by David Rittich with a rebound.
13:40 of 1st period - Slapshot by Patrick Sieloff.
13:40 of 1st period - Shot Misses the Net.
13:42 of 1st period - Slapshot by Ben Johnson.
13:42 of 1st period - Shot Misses the Net.
13:44 of 1st period - Slapshot by Patrick Sieloff.
13:44 of 1st period - Shot Misses the Net.
13:56 of 1st period - Slapshot by Logan O'Connor.
13:56 of 1st period - Deflect By Akil Thomas.
13:56 of 1st period - Stopped by Mackenzie Blackwood without a rebound.
13:57 of 1st period - Dillon Dube wins face-off versus Akil Thomas in Icehogs zone.
14:15 of 1st period - Slapshot by Nikita Scherbak.
14:15 of 1st period - Stopped by David Rittich with a rebound.
14:22 of 1st period - Minor Penalty to Nikita Scherbak for Tripping.
14:23 of 1st period - Mikhail Grigorenko wins face-off versus Christoph Bertschy in Icehogs zone.
16:22 of 1st period - Penalty to Nikita Scherbak is over, Nikita Scherbak is back on ice.
16:51 of 1st period - Slapshot by Julius Honka.
16:51 of 1st period - Deflect By Logan O'Connor.
16:51 of 1st period - Stopped by David Rittich with a rebound.
17:00 of 1st period - Off-side.
17:01 of 1st period - Maxim Letunov wins face-off versus Tyler Angle in neutral zone.
17:01 of 1st period - Calle Andersson is hit by Tyler Angle and loses puck.
17:39 of 1st period - Vitaly Abramov is hit by JJ. Piccinich.
18:11 of 1st period - Snap shot by Trevor Zegras.
18:11 of 1st period - Stopped by David Rittich with a rebound.
19:32 of 1st period - Andrew Poturalski is hit by Tyler Angle and loses puck.
19:45 of 1st period - Jonas Siegenthaler is hit by Julius Honka and loses puck.
Goals for this period are 3 for Icehogs vs 1 for Senators.
Shots for this period are 17 for Icehogs vs 7 for Senators.
2nd period
0:01 of 2nd period - Arttu Ruotsalainen wins face-off versus Andrew Poturalski in neutral zone.
0:04 of 2nd period - Slapshot by Artem Zub.
0:04 of 2nd period - Deflect By Mikhail Grigorenko.
0:04 of 2nd period - Stopped by Mackenzie Blackwood with a rebound.
0:16 of 2nd period - Wrist shot by Hudson Fasching.
0:16 of 2nd period - Shot Misses the Net.
0:26 of 2nd period - Christoph Bertschy is hit by Trevor Zegras and loses puck.
0:47 of 2nd period - Logan O'Connor is hit by Calle Andersson and loses puck.
2:10 of 2nd period - Snap shot by Vitaly Abramov.
2:10 of 2nd period - Stopped by Mackenzie Blackwood with a rebound.
2:12 of 2nd period - Snap shot by Logan O'Connor.
2:12 of 2nd period - Shot Blocked by Calle Andersson.
2:14 of 2nd period - Slapshot by Mason Geertsen.
2:14 of 2nd period - Deflect By Logan O'Connor.
2:14 of 2nd period - Shot Misses the Net.
2:14 of 2nd period - Puck is out of play.
2:15 of 2nd period - Arttu Ruotsalainen wins face-off versus Dillon Dube in Icehogs zone.
2:16 of 2nd period - Wrist shot by Marc Michaelis.
2:16 of 2nd period - Stopped by Mackenzie Blackwood without a rebound.
2:17 of 2nd period - Arttu Ruotsalainen wins face-off versus Dillon Dube in Icehogs zone.
2:17 of 2nd period - Zac Leslie is hit by Patrick Sieloff and loses puck.
3:04 of 2nd period - Slapshot by Logan O'Connor.
3:04 of 2nd period - Shot Blocked by Zach Whitecloud.
3:06 of 2nd period - Slapshot by Artem Zub.
3:06 of 2nd period - Stopped by Mackenzie Blackwood without a rebound.
3:07 of 2nd period - Dillon Dube wins face-off versus Akil Thomas in Icehogs zone.
3:07 of 2nd period - Dillon Dube is hit by Akil Thomas.
3:24 of 2nd period - Minor Penalty to Akil Thomas for Roughing.
3:25 of 2nd period - Christoph Bertschy wins face-off versus Andrew Poturalski in Senators zone.
4:37 of 2nd period - Mikhail Grigorenko is hit by Artem Zub and loses puck.
5:24 of 2nd period - Penalty to Akil Thomas is over, Akil Thomas is back on ice.
5:31 of 2nd period - Zach Whitecloud is hit by Akil Thomas and loses puck.
5:52 of 2nd period - Gabriel Fortier is hit by Mason Geertsen and loses puck.
6:11 of 2nd period - Kiefer Sherwood is hit by Declan Chisholm.
6:21 of 2nd period - Arttu Ruotsalainen is hit by Nikita Scherbak.
6:45 of 2nd period - Julius Honka is hit by C.J Suess and loses puck.
7:16 of 2nd period - Snap shot by Artem Zub.
7:16 of 2nd period - Stopped by Mackenzie Blackwood without a rebound.
7:17 of 2nd period - Akil Thomas wins face-off versus Gabriel Fortier in Icehogs zone.
7:22 of 2nd period - Slapshot by Vitaly Abramov.
7:22 of 2nd period - Stopped by Mackenzie Blackwood without a rebound.
7:23 of 2nd period - Akil Thomas wins face-off versus Clark Bishop in Icehogs zone.
7:27 of 2nd period - Minor Penalty to Maxim Letunov for Elbowing.
7:28 of 2nd period - Christoph Bertschy wins face-off versus Mikhail Grigorenko in Icehogs zone.
7:28 of 2nd period - Wrist shot by C.J Suess.
7:28 of 2nd period - Stopped by Mackenzie Blackwood with a rebound.
7:30 of 2nd period - Slapshot by Zac Leslie.
7:30 of 2nd period - Deflect By Julius Honka.
7:30 of 2nd period - Goal by Zac Leslie - Icehogs : 3 - Senators : 2.
7:31 of 2nd period - Andrew Poturalski wins face-off versus Arttu Ruotsalainen in neutral zone.
8:44 of 2nd period - Mitchell Chaffee is hit by Axel Jonsson-Fjallby and loses puck.
8:49 of 2nd period - Snap shot by Axel Jonsson-Fjallby.
8:49 of 2nd period - Stopped by Mackenzie Blackwood with a rebound.
8:51 of 2nd period - Backhand shot by Bryce Kindopp.
8:51 of 2nd period - Stopped by Mackenzie Blackwood without a rebound.
8:52 of 2nd period - Arttu Ruotsalainen wins face-off versus Andrew Poturalski in Icehogs zone.
8:55 of 2nd period - Snap shot by Carl Grundstrom.
8:55 of 2nd period - Shot Blocked by Zach Whitecloud.
8:57 of 2nd period - Snap shot by Carl Grundstrom.
8:57 of 2nd period - Deflect By Marc Michaelis.
8:57 of 2nd period - Shot Hit the Post.
8:57 of 2nd period - Puck is out of play.
8:58 of 2nd period - Arttu Ruotsalainen wins face-off versus Andrew Poturalski in Icehogs zone.
8:59 of 2nd period - Wrist shot by Carl Grundstrom.
8:59 of 2nd period - Stopped by Mackenzie Blackwood without a rebound.
9:00 of 2nd period - Andrew Poturalski wins face-off versus Arttu Ruotsalainen in Icehogs zone.
9:20 of 2nd period - Wrist shot by Arttu Ruotsalainen.
9:20 of 2nd period - Stopped by Mackenzie Blackwood with a rebound.
9:28 of 2nd period - Wrist shot by Mikhail Grigorenko.
9:28 of 2nd period - Stopped by David Rittich without a rebound.
9:29 of 2nd period - Christoph Bertschy wins face-off versus Dillon Dube in Senators zone.
9:42 of 2nd period - Wrist shot by Kiefer Sherwood.
9:42 of 2nd period - Deflect By Christoph Bertschy.
9:42 of 2nd period - Shot Blocked by Julius Honka.
9:42 of 2nd period - Puck is out of play.
9:43 of 2nd period - Arttu Ruotsalainen wins face-off versus Andrew Poturalski in Icehogs zone.
9:44 of 2nd period - Slapshot by Carl Grundstrom.
9:44 of 2nd period - Stopped by Mackenzie Blackwood without a rebound.
9:45 of 2nd period - Arttu Ruotsalainen wins face-off versus Andrew Poturalski in Icehogs zone.
10:22 of 2nd period - Wrist shot by C.J Suess.
10:22 of 2nd period - Stopped by Mackenzie Blackwood without a rebound.
10:23 of 2nd period - Andrew Poturalski wins face-off versus Arttu Ruotsalainen in Icehogs zone.
10:48 of 2nd period - Kiefer Sherwood is hit by Dillon Dube and loses puck.
11:07 of 2nd period - Slapshot by Ben Johnson.
11:07 of 2nd period - Shot Misses the Net.
11:29 of 2nd period - Patrick Sieloff is hit by Bryce Kindopp.
11:41 of 2nd period - Backhand shot by Tyler Angle.
11:41 of 2nd period - Shot Misses the Net.
12:07 of 2nd period - Mikhail Grigorenko is hit by Carl Grundstrom.
12:17 of 2nd period - Slapshot by Calle Andersson.
12:17 of 2nd period - Shot Blocked by Zac Leslie.
12:19 of 2nd period - Snap shot by Nikita Scherbak.
12:19 of 2nd period - Shot Blocked by Zac Leslie.
12:21 of 2nd period - Backhand shot by Calle Andersson.
12:21 of 2nd period - Shot Misses the Net.
12:44 of 2nd period - Snap shot by Logan O'Connor.
12:44 of 2nd period - Shot Blocked by Zach Whitecloud.
12:46 of 2nd period - Snap shot by Vitaly Abramov.
12:46 of 2nd period - Deflect By Logan O'Connor.
12:46 of 2nd period - Goal by Logan O'Connor - Icehogs : 3 - Senators : 3.
12:47 of 2nd period - Andrew Poturalski wins face-off versus Kiefer Sherwood in neutral zone.
13:01 of 2nd period - Minor Penalty to Hudson Fasching for Holding.
13:02 of 2nd period - Christoph Bertschy wins face-off versus Mikhail Grigorenko in Icehogs zone.
13:02 of 2nd period - Wrist shot by C.J Suess.
13:02 of 2nd period - Deflect By Christoph Bertschy.
13:02 of 2nd period - Stopped by Mackenzie Blackwood without a rebound.
13:03 of 2nd period - Christoph Bertschy wins face-off versus Mikhail Grigorenko in Icehogs zone.
13:08 of 2nd period - Slapshot by Christoph Bertschy.
13:08 of 2nd period - Stopped by Mackenzie Blackwood without a rebound.
13:09 of 2nd period - Christoph Bertschy wins face-off versus Mikhail Grigorenko in Icehogs zone.
15:01 of 2nd period - Penalty to Hudson Fasching is over, Hudson Fasching is back on ice.
16:12 of 2nd period - Slapshot by Calle Andersson.
16:12 of 2nd period - Stopped by David Rittich without a rebound.
16:13 of 2nd period - Marc Michaelis wins face-off versus Andrew Poturalski in Senators zone.
16:13 of 2nd period - Marc Michaelis is hit by Mikhail Grigorenko.
16:18 of 2nd period - Off-side.
16:19 of 2nd period - Christoph Bertschy wins face-off versus Ben Johnson in neutral zone.
16:22 of 2nd period - JJ. Piccinich is hit by Kiefer Sherwood and loses puck.
16:53 of 2nd period - Snap shot by Marc Michaelis.
16:53 of 2nd period - Shot Misses the Net.
16:55 of 2nd period - Snap shot by Arttu Ruotsalainen.
16:55 of 2nd period - Stopped by Mackenzie Blackwood with a rebound.
17:15 of 2nd period - Snap shot by Logan O'Connor.
17:15 of 2nd period - Stopped by Mackenzie Blackwood with a rebound.
17:35 of 2nd period - Snap shot by Maxim Letunov.
17:35 of 2nd period - Stopped by David Rittich with a rebound.
17:50 of 2nd period - Minor Penalty to Zach Whitecloud for Tripping.
17:51 of 2nd period - Mikhail Grigorenko wins face-off versus Christoph Bertschy in Icehogs zone.
17:51 of 2nd period - Mikhail Grigorenko is hit by Christoph Bertschy.
18:17 of 2nd period - Zac Leslie is hit by Calle Andersson and loses puck.
18:26 of 2nd period - Snap shot by Patrick Sieloff.
18:26 of 2nd period - Stopped by David Rittich without a rebound.
18:27 of 2nd period - Mikhail Grigorenko wins face-off versus Christoph Bertschy in Senators zone.
19:01 of 2nd period - Wrist shot by Carl Grundstrom.
19:01 of 2nd period - Shot Misses the Net.
19:35 of 2nd period - Zac Leslie is hit by Julius Honka.
19:50 of 2nd period - Penalty to Zach Whitecloud is over, Zach Whitecloud is back on ice.
Goals for this period are 0 for Icehogs vs 2 for Senators.
Shots for this period are 4 for Icehogs vs 19 for Senators.
3rd period
0:01 of 3rd period - Christoph Bertschy wins face-off versus Andrew Poturalski in neutral zone.
0:04 of 3rd period - Slapshot by Zac Leslie.
0:04 of 3rd period - Shot Blocked by Patrick Sieloff.
0:26 of 3rd period - Trevor Zegras is hit by Marc Michaelis and loses puck.
0:41 of 3rd period - Minor Penalty to Zac Leslie for Slashing.
0:42 of 3rd period - Christoph Bertschy wins face-off versus Andrew Poturalski in Senators zone.
0:50 of 3rd period - Icing by Julius Honka.
0:51 of 3rd period - Andrew Poturalski wins face-off versus Christoph Bertschy in Icehogs zone.
0:56 of 3rd period - Slapshot by Julius Honka.
0:56 of 3rd period - Deflect By Jesse Graham.
0:56 of 3rd period - Stopped by David Rittich with a rebound.
1:08 of 3rd period - Wrist shot by Mikhail Grigorenko.
1:08 of 3rd period - Deflect By Hudson Fasching.
1:08 of 3rd period - Shot Misses the Net.
1:08 of 3rd period - Puck is out of play.
1:09 of 3rd period - Christoph Bertschy wins face-off versus Dillon Dube in Senators zone.
1:19 of 3rd period - Off-side.
1:20 of 3rd period - Andrew Poturalski wins face-off versus Christoph Bertschy in neutral zone.
2:41 of 3rd period - Penalty to Zac Leslie is over, Zac Leslie is back on ice.
2:47 of 3rd period - Jonas Siegenthaler is hit by Ben Johnson and loses puck.
3:37 of 3rd period - Ben Johnson is hit by Akil Thomas and loses puck.
3:50 of 3rd period - Logan O'Connor is hit by Hudson Fasching and loses puck.
4:11 of 3rd period - Jonas Siegenthaler is hit by Calle Andersson and loses puck.
5:07 of 3rd period - Icing by Alec Regula.
5:08 of 3rd period - Akil Thomas wins face-off versus Andrew Poturalski in Senators zone.
5:15 of 3rd period - Snap shot by Vitaly Abramov.
5:15 of 3rd period - Shot Misses the Net.
5:17 of 3rd period - Wrist shot by Logan O'Connor.
5:17 of 3rd period - Stopped by Mackenzie Blackwood with a rebound.
5:19 of 3rd period - Slapshot by Akil Thomas.
5:19 of 3rd period - Shot Misses the Net.
5:21 of 3rd period - Slapshot by Zac Leslie.
5:21 of 3rd period - Shot Blocked by Andrew Poturalski.
5:27 of 3rd period - Wrist shot by Vitaly Abramov.
5:27 of 3rd period - Shot Misses the Net.
5:29 of 3rd period - Wrist shot by Logan O'Connor.
5:29 of 3rd period - Shot Blocked by Mikhail Grigorenko.
5:37 of 3rd period - Slapshot by Logan O'Connor.
5:37 of 3rd period - Shot Misses the Net.
5:45 of 3rd period - Snap shot by Logan O'Connor.
5:45 of 3rd period - Stopped by Mackenzie Blackwood without a rebound.
5:46 of 3rd period - Christoph Bertschy wins face-off versus Dillon Dube in Icehogs zone.
6:32 of 3rd period - Axel Jonsson-Fjallby is hit by Zach Whitecloud and loses puck.
6:58 of 3rd period - Calle Andersson is hit by Christoph Bertschy.
7:40 of 3rd period - Icing by Logan O'Connor.
7:41 of 3rd period - Akil Thomas wins face-off versus Mikhail Grigorenko in Senators zone.
7:56 of 3rd period - Wrist shot by Logan O'Connor.
7:56 of 3rd period - Stopped by Mackenzie Blackwood without a rebound.
7:57 of 3rd period - Christoph Bertschy wins face-off versus Dillon Dube in Icehogs zone.
7:58 of 3rd period - Snap shot by C.J Suess.
7:58 of 3rd period - Stopped by Mackenzie Blackwood without a rebound.
7:59 of 3rd period - Dillon Dube wins face-off versus Christoph Bertschy in Icehogs zone.
8:14 of 3rd period - Snap shot by Nikita Scherbak.
8:14 of 3rd period - Shot Misses the Net.
8:30 of 3rd period - Snap shot by Marc Michaelis.
8:30 of 3rd period - Shot Misses the Net.
8:32 of 3rd period - Slapshot by Jesse Graham.
8:32 of 3rd period - Stopped by Mackenzie Blackwood without a rebound.
8:33 of 3rd period - Andrew Poturalski wins face-off versus Arttu Ruotsalainen in Icehogs zone.
8:33 of 3rd period - Andrew Poturalski is hit by Carl Grundstrom.
8:39 of 3rd period - Snap shot by Andrew Poturalski.
8:39 of 3rd period - Stopped by David Rittich with a rebound.
8:41 of 3rd period - Slapshot by Calle Andersson.
8:41 of 3rd period - Shot Misses the Net.
8:45 of 3rd period - Wrist shot by Hudson Fasching.
8:45 of 3rd period - Shot Misses the Net.
8:47 of 3rd period - Snap shot by Hudson Fasching.
8:47 of 3rd period - Shot Blocked by Artem Zub.
8:49 of 3rd period - Slapshot by Calle Andersson.
8:49 of 3rd period - Deflect By Andrew Poturalski.
8:49 of 3rd period - Stopped by David Rittich without a rebound.
8:50 of 3rd period - C.J Suess wins face-off versus Dillon Dube in Senators zone.
9:39 of 3rd period - Minor Penalty to Ben Johnson for Tripping.
9:40 of 3rd period - Mikhail Grigorenko wins face-off versus Christoph Bertschy in Icehogs zone.
10:01 of 3rd period - Patrick Sieloff is hit by Artem Zub.
10:17 of 3rd period - Snap shot by Artem Zub.
10:17 of 3rd period - Shot Blocked by Julius Honka.
10:19 of 3rd period - Slapshot by Arttu Ruotsalainen.
10:19 of 3rd period - Shot Blocked by Andrew Poturalski.
10:21 of 3rd period - Slapshot by Zac Leslie.
10:21 of 3rd period - Stopped by Mackenzie Blackwood with a rebound.
11:10 of 3rd period - Off-side.
11:11 of 3rd period - Jackson Cates wins face-off versus Arttu Ruotsalainen in neutral zone.
11:39 of 3rd period - Penalty to Ben Johnson is over, Ben Johnson is back on ice.
11:50 of 3rd period - Wrist shot by Gabriel Fortier.
11:50 of 3rd period - Stopped by David Rittich without a rebound.
11:51 of 3rd period - Maxim Letunov wins face-off versus Akil Thomas in Senators zone.
12:06 of 3rd period - Snap shot by Mitchell Chaffee.
12:06 of 3rd period - Shot Misses the Net.
12:21 of 3rd period - Snap shot by Nikita Scherbak.
12:21 of 3rd period - Shot Blocked by Marc Michaelis.
12:43 of 3rd period - Trevor Zegras is hit by Artem Zub.
12:51 of 3rd period - Jesse Graham is hit by Trevor Zegras and loses puck.
13:06 of 3rd period - Snap shot by Christoph Bertschy.
13:06 of 3rd period - Stopped by Mackenzie Blackwood with a rebound.
13:08 of 3rd period - Slapshot by Christoph Bertschy.
13:08 of 3rd period - Stopped by Mackenzie Blackwood without a rebound.
13:09 of 3rd period - Andrew Poturalski wins face-off versus Christoph Bertschy in Icehogs zone.
14:01 of 3rd period - Slapshot by Mitchell Chaffee.
14:01 of 3rd period - Stopped by David Rittich with a rebound.
14:32 of 3rd period - Hudson Fasching is hit by Axel Jonsson-Fjallby and loses puck.
14:55 of 3rd period - Snap shot by JJ. Piccinich.
14:55 of 3rd period - Stopped by David Rittich without a rebound.
14:56 of 3rd period - Ben Johnson wins face-off versus Christoph Bertschy in Senators zone.
15:01 of 3rd period - Slapshot by Ben Johnson.
15:01 of 3rd period - Stopped by David Rittich with a rebound.
15:03 of 3rd period - Slapshot by Patrick Sieloff.
15:03 of 3rd period - Stopped by David Rittich without a rebound.
15:04 of 3rd period - Christoph Bertschy wins face-off versus Ben Johnson in Senators zone.
15:06 of 3rd period - Double Minor Penalty to Kiefer Sherwood for Roughing.
15:07 of 3rd period - Hudson Fasching wins face-off versus Christoph Bertschy in Senators zone.
15:07 of 3rd period - Snap shot by Mikhail Grigorenko.
15:07 of 3rd period - Deflect By Andrew Poturalski.
15:07 of 3rd period - Stopped by David Rittich with a rebound.
15:09 of 3rd period - Snap shot by Hudson Fasching.
15:09 of 3rd period - Goal by Hudson Fasching - Icehogs : 4 - Senators : 3.
15:10 of 3rd period - Mikhail Grigorenko wins face-off versus Christoph Bertschy in neutral zone.
16:02 of 3rd period - Christoph Bertschy is hit by Mikhail Grigorenko and loses puck.
16:43 of 3rd period - Dillon Dube is hit by Marc Michaelis and loses puck.
16:51 of 3rd period - Icing by Nikita Scherbak.
16:52 of 3rd period - Andrew Poturalski wins face-off versus Christoph Bertschy in Icehogs zone.
17:09 of 3rd period - Penalty to Kiefer Sherwood is over, Kiefer Sherwood is back on ice.
17:24 of 3rd period - Zac Leslie is hit by JJ. Piccinich and loses puck.
17:43 of 3rd period - Nikita Scherbak is hit by Tyler Angle and loses puck.
18:25 of 3rd period - Slapshot by Julius Honka.
18:25 of 3rd period - Shot Misses the Net.
18:27 of 3rd period - Slapshot by Julius Honka.
18:27 of 3rd period - Stopped by David Rittich without a rebound.
18:28 of 3rd period - Clark Bishop wins face-off versus Christoph Bertschy in Senators zone.
18:29 of 3rd period - Slapshot by Patrick Sieloff.
18:29 of 3rd period - Shot Misses the Net.
18:53 of 3rd period - Julius Honka is hit by Jonas Siegenthaler and loses puck.
18:56 of 3rd period - Senators, David Rittich is pulled from the net.
19:40 of 3rd period - Martin Fehervary is hit by Hudson Fasching and loses puck.
19:45 of 3rd period - Snap shot by Andrew Poturalski.
19:45 of 3rd period - Goal by Andrew Poturalski - Icehogs : 5 - Senators : 3.
19:45 of 3rd period - David Rittich from Senators was sent back in the game.
19:46 of 3rd period - Clark Bishop wins face-off versus Carl Grundstrom in neutral zone.
19:59 of 3rd period - Snap shot by Vitaly Abramov.
19:59 of 3rd period - Stopped by Mackenzie Blackwood with a rebound.
Goals for this period are 2 for Icehogs vs 0 for Senators.
Shots for this period are 12 for Icehogs vs 9 for Senators.
Output by the SimonT Hockey Simulator (STHS) for Francois Prevost